 Dungeon Crawl Stone Soup version 0.21.1-1-g345015fe64 (webtiles) character file.

226 Htamos the Grave Robber (level 5, 0/35 HPs)
             Began as a Mummy Necromancer on June 12, 2018.
             Slain by Purgy (1 damage)
             ... on level 2 of the Dungeon.
             The game lasted 00:17:58 (3443 turns).

Htamos the Grave Robber (Mummy Necromancer)         Turns: 3443, Time: 00:18:00

Health: 0/35       AC:  0    Str: 11    XL:     5   Next: 69%
Magic:  9/9        EV: 12    Int: 16    God:
Gold:   136        SH:  0    Dex: 12    Spells: 8/9 levels left

rFire    x . .     SeeInvis .   o - +0 short sword (drain)
rCold    + . .     Gourm    .   (no shield)
rNeg     + + +     Faith    .   (no armour)
rPois    ∞         Spirit   .   (no helmet)
rElec    .         Reflect  .   (no cloak)
rCorr    .         Harm     .   (no gloves)
MR       .....                  (no boots)
Stlth    ++........             (no amulet)
HPRegen  0.11/turn              (no ring)
MPRegen  0.11/turn              (no ring)

@: no status effects
A: no food or potions, fire vulnerability, cold resistance 1, negative energy
resistance 3, torment resistance, unbreathing
a: no special abilities


You were on level 2 of the Dungeon.
You were not hungry.

You visited 1 branch of the dungeon, and saw 3 of its levels.

You collected 136 gold pieces.

Inventory:

Hand Weapons
 n - a +2 short sword of venom
 o - a +0 short sword of draining (weapon)
Armour
 a - a +0 chain mail
 l - a +3 ring mail of cold resistance
Jewellery
 g - an uncursed ring of fire {unknown}
 h - a +3 ring of dexterity {unknown}
 k - a cursed ring of teleportation {unknown}
Wands
 m - a wand of paralysis (10)
Scrolls
 d - 2 scrolls of identify {unknown}
 e - a scroll of fear {unknown}
 f - 2 scrolls of immolation {unknown}
 i - a scroll of remove curse {unknown}
 j - 3 scrolls of teleportation {unknown}
 p - a scroll of magic mapping {unknown}
Potions
 c - a potion of lignification {unknown}
Books
 b - a book of Necromancy

   Spells                             Type                      Level
   a - Pain                           Necromancy                   1
   b - Animate Skeleton               Necromancy                   1
   c - Vampiric Draining              Necromancy                   3
   d - Regeneration                   Charms/Necromancy            3
   e - Animate Dead                   Necromancy                   4
   f - Borgnjor's Vile Clutch         Necromancy/Earth             5


   Skills:
 * Level 0.1 Short Blades
 - Level 1.5 Dodging
 * Level 1.5 Stealth
 - Level 2.6 Spellcasting
 + Level 7.0 Necromancy


You had 8 spell levels left.
You knew the following spells:

 Your Spells              Type           Power        Failure   Level  Hunger
a - Pain                  Necr           ###.         1%          1    N/A

Dungeon Overview and Level Annotations

Branches:
Dungeon (3/15)

Altars:
Fedhas
Gozag
Qazlal

Annotations:
D:2 Purgy


Innate Abilities, Weirdness & Mutations

You do not eat or drink.
Your flesh is vulnerable to fire.
You are immune to poison.
Your flesh is cold resistant. (rC+)
You are immune to negative energy. (rN+++)
You are immune to unholy pain and torment.
You can survive without breathing.


Message History

(m)acro, (M)acro raw, keymap [(k) default, (x) level-map, (t)argeting, (c)onfirm, m(e)nu], (s)ave?
Aborting. (m)acro, (M)acro raw, keymap [(k) default, (x) level-map, (t)argeting, (c)onfirm, m(e)nu], (s)ave?
Input macro trigger key: \{180} Input macro action: ´ Created macro '\{180}' => '\{-62}\{-76}'. (m)acro, (M)acro raw, keymap [(k) default, (x) level-map, (t)argeting, (c)onfirm, m(e)nu], (s)ave?
Input macro trigger key: 0 Input macro action: 7931 Created macro '0' => '7931'.
Purgy bites you. Purgy completely misses you. Purgy claws you.
* * * LOW HITPOINT WARNING * * *
You hit Purgy but do no damage. You drain Purgy!
Purgy is lightly wounded.
Purgy bites you!
* * * LOW HITPOINT WARNING * * *
Purgy claws you.
* * * LOW HITPOINT WARNING * * *
Purgy claws you.
You die...

#.######.......# #.###
#.....##.......# #...#
#####.##.......# ###.#
#.#####.#### #(#
###.#####.## #.#
#..........### #.#########
#.#..#...#...###
#....>.....
#.#..#.#.......#
#..###.####
#####.#...###..#@#.####.##
##.### ...##.##.##
##.T........# #..##
##.##.#.##
##..#.####.#####..##
#.##....## ##.#.#.#
#..#.......
#.######.###....#.#
###..###... #..#
##.#.......# ##.# #..#
##.#
##....###########.###...
#.# ##...# #...).....†..#
###.####
#...#####.##......#...


You could see Purgy.

Vanquished Creatures
  An orc priest (D:3)
  Ijyb (D:2)
  An iguana (D:2)
  Terence (D:3)
  An orc wizard (D:3)
  2 adders
  An ooze (D:2)
  A worm (D:2)
  2 dart slugs (D:2)
  4 orcs
  2 giant cockroaches
  9 goblins
  6 hobgoblins
  2 jackals (D:3)
  6 kobolds
  A quokka (D:3)
  6 bats
  7 frilled lizards
  8 rats
62 creatures vanquished.

Notes
Turn   | Place    | Note
-------+----------+-------------------------------------------
     0 | D:1      | Htamos the Mummy Necromancer began the quest for the Orb.
     0 | D:1      | Reached XP level 1. HP: 13/13 MP: 4/4
   405 | D:1      | Reached XP level 2. HP: 19/19 MP: 1/5
  1187 | D:2      | Reached skill level 5 in Necromancy
  1200 | D:2      | Reached XP level 3. HP: 23/24 MP: 1/7
  2159 | D:2      | Found an opulent altar of Gozag.
  2159 | D:2      | Found a blossoming altar of Fedhas.
  2238 | D:3      | HP: 1/24 [iguana (9)]
  2250 | D:2      | Reached XP level 4. HP: 2/30 MP: 0/8
  2595 | D:3      | Reached skill level 6 in Necromancy
  2730 | D:3      | Noticed Ijyb
  2733 | D:3      | Paralysed by Ijyb for 6 turns
  2757 | D:2      | Killed Ijyb
  2757 | D:2      | Reached XP level 5. HP: 31/35 MP: 2/9
  2947 | D:3      | Found a stormy altar of Qazlal.
  3021 | D:3      | Noticed Terence
  3059 | D:3      | Killed Terence
  3059 | D:3      | Reached skill level 7 in Necromancy
  3280 | D:3      | Noticed Purgy
  3443 | D:2      | HP: 1/35 [Purgy (2)]
  3443 | D:2      | Slain by Purgy

Skill      XL: |  1  2  3  4  5 |
---------------+----------------+-----
Necromancy     | 5 6 7 |  7.0
Short Blades   | |  0.1
Dodging        | |  1.5
Stealth        | |  1.5
Spellcasting   | |  2.6

Action                   |  1- 3 |  4- 6 || total
-------------------------+-------+-------++-------
Melee: Unarmed           |     5 |       ||     5
       Short sword       |       |     1 ||     1
 Cast: Pain              |    88 |    60 ||   148
Armor: Robe              |     7 |     2 ||     9
       Ring mail         |       |     1 ||     1
Dodge: Dodged            |    28 |    26 ||    54
